 Dungeon Crawl Stone Soup version 0.24-a0-201-gf205589 (webtiles) character file.

Game seed: 5901186984404423854

15025 Gunnerkreig the Destroyer (level 11, -4/86 HPs)
             Began as a Demonspawn Wizard on Mar 19, 2019.
             Was an Elder of Vehumet.
             Slain by a gargoyle
             ... wielding a +0 mace
              (14 damage)
             ... on level 11 of the Dungeon.
             The game lasted 01:35:07 (19700 turns).

Gunnerkreig the Destroyer (Demonspawn Wizard)      Turns: 19700, Time: 01:35:07

Health: -4/86      AC: 13    Str:  8    XL:     11   Next: 96%
Magic:  3/21       EV: 13    Int: 22    God:    Vehumet [****..]
Gold:   585        SH:  3    Dex: 12    Spells: 12/24 levels left

rFire    . . .     SeeInvis .   e - +9 broad axe of the Salmon {chop, rPois}
rCold    . . .     Gourm    .   (no shield)
rNeg     + + +     Faith    .   l - +1 leather armour of the Buccaneer {*Drain rElec rC- rN+++}
rPois    +         Spirit   .   j - +2 helmet
rElec    +         Reflect  +   w - +0 cloak
rCorr    +         Harm     .   (no gloves)
MR       .....                  (no boots)
Stlth    ++........             a - +3 amulet of reflection
HPRegen  0.24/turn              B - ring of resist corrosion
MPRegen  0.17/turn              (no ring)

@: no status effects
A: claws 1, fangs 1, slimy green scales 3, cold resistance 1, powered by death
1, freezing cloud immunity
a: Renounce Religion


You were on level 11 of the Dungeon.
You worshipped Vehumet.
Vehumet was greatly pleased with you.
You were very hungry.

You visited 2 branches of the dungeon, and saw 12 of its levels.

You collected 699 gold pieces.
You spent 114 gold pieces at shops.

Inventory:

Hand Weapons
 e - the +9 broad axe of the Salmon (weapon) {chop, rPois}
   (You found it on level 7 of the Dungeon)

   It inflicts extra damage upon your enemies.
   It protects you from poison.
 h - a +1 trident of flaming
 o - a +0 hunting sling
Missiles
 f - 415 stones (quivered)
 n - 62 sling bullets
 z - 3 throwing nets
Armour
 j - a +2 helmet (worn)
 l - the +1 leather armour of the Buccaneer (worn) {*Drain rElec rC- rN+++}
   (You found it on level 7 of the Dungeon)

   It makes you vulnerable to cold.
   It insulates you from electricity.
   It renders you almost immune to negative energy.
   It causes draining when unequipped.
 w - a +0 cloak (worn)
 y - a +1 robe of magic resistance
 A - a +2 robe of fire resistance
Jewellery
 a - a +3 amulet of reflection (around neck)
 B - a ring of resist corrosion (left claw)
Wands
 b - a wand of acid (17)
 F - a wand of polymorph (19)
 G - a wand of disintegration (17)
Scrolls
 c - 2 scrolls of remove curse
 k - 5 scrolls of fear
 m - a scroll of fog
 r - 5 scrolls of teleportation
 u - 3 scrolls of magic mapping
 v - 2 scrolls of identify
 C - a scroll of enchant armour
 D - a scroll of blinking
Potions
 g - 3 potions of curing
 i - 2 potions of flight
 p - 2 potions of cancellation
 q - 2 potions of ambrosia
 s - a potion of magic
 t - a potion of agility
 x - a potion of mutation
 E - a potion of heal wounds
Comestibles
 d - 22 rations


   Skills:
 + Level 7.8 Fighting
 + Level 6.0 Axes
 - Level 1.0 Throwing
 - Level 6.0 Armour
 + Level 5.0 Dodging
 - Level 2.0 Stealth
 - Level 7.1 Spellcasting
 - Level 10.1 Conjurations
 + Level 2.8 Summonings
 - Level 3.0 Translocations
 - Level 4.0 Fire Magic
 - Level 2.0 Air Magic
 - Level 2.0 Poison Magic


You had 12 spell levels left.
You knew the following spells:

 Your Spells              Type           Power        Failure   Level  Hunger
a - Magic Dart            Conj           ####         1%          1    None
b - Conjure Flame         Conj/Fire      #####...     1%          3    None
c - Mephitic Cloud        Conj/Pois/Air  ####....     1%          3    None
d - Blink                 Tloc           N/A          4%          2    None
e - Call Imp              Summ           ###.....     5%          2    None
f - Flame Tongue          Conj/Fire      #####        1%          1    None

Your spell library contained the following spells:

 Spells                   Type           Power        Failure   Level  Hunger
 Force Lance              Conj/Tloc      #####...     2%          4    ###....
 Gell's Gravitas          Tloc           ###.......   10%         3    None
 Confusing Touch          Hex            #.....       11%         1    None
 Irradiate                Conj/Tmut      ####......   11%         5    #####..
 Slow                     Hex            #.......     17%         2    None
 Confuse                  Hex            #.......     32%         3    None
 Yara's Violent Unravell  Hex/Tmut       #.........   58%         5    #####..
 Petrify                  Tmut/Erth      #.......     73%         4    ###....
 Metabolic Englaciation   Hex/Ice        #.........   97%         5    #####..
 Hydra Form               Tmut           #.........   100%        6    ######.
 Statue Form              Tmut/Erth      #........    100%        6    ######.
 Dragon Form              Tmut           #.........   100%        7    #######


Dungeon Overview and Level Annotations

Branches:
Dungeon (11/15)            Temple (1/1) D:5            Lair (0/6) D:10
    Orc (0/2) D:9

Altars:
Ashenzari
Cheibriados
Dithmenos
Elyvilon
Fedhas
Gozag
Hepliaklqana
Kikubaaqudgha
Makhleb
Nemelex Xobeh
Okawaru
Qazlal
Ru
Sif Muna
Trog
Uskayaw
Vehumet
Wu Jian
Xom
Yredelemnul
Zin
The Shining One

Shops:
D:5 *   D:6 (=*   D:7 [   D:9 (   D:10 }   D:11 }


Innate Abilities, Weirdness & Mutations

You have sharp fingernails.
You are completely covered in slimy green scales. (AC +4, rPois)
Your flesh is cold resistant. (rC+)
You regenerate a little health from kills.
You are immune to freezing clouds.
You have very sharp teeth.


Message History

You slash the gargoyle!
The gargoyle is moderately damaged.
The gargoyle hurls a stone arrow at you.
The stone arrow hits you!
You slash the gargoyle!
You bite the gargoyle, but do no damage.
The gargoyle is severely damaged.
Your crimson imp hits the gargoyle but does no damage.
The gargoyle hurls a stone arrow at you.
The stone arrow misses you.
Your crimson imp hits the gargoyle but does no damage.
You barely miss the gargoyle.
You bite the gargoyle, but do no damage.
The gargoyle is severely damaged.
The gargoyle hurls a stone arrow at you.
The stone arrow hits you!
* * * LOW HITPOINT WARNING * * *
Your crimson imp blinks!
The gargoyle hits you with a +0 mace!
You die...

##
#.###########.#
.#
#.............#
##
#.###########.#
# #.# #.# # #.#
#########.#####
# #.#
#........5....#
# #.#
#.#######.#####
## #.# #.# #.#
.# #.# #.# #@#
.# #.# #.# #9#
.# #.# #.# #ยง#
.# #.# #.# #.#
.# #.# #.# #.#
.# #.# #.# #.#
.#######.# #.#
.........# #.#
.#####...# #.#


You could see a gargoyle and a friendly crimson imp.

Vanquished Creatures
  A hydra (D:11)
  Erica (D:8)
  4 two-headed ogres
  2 unseen horrors (D:10)
  2 cyclopes (D:11)
  Psyche (D:8)
  2 trolls
  Grinder (D:6)
  2 hippogriffs
  Sigmund (D:3)
  A wyvern (D:9)
  A spriggan (D:7)
  2 water elementals (D:11)
  10 yaks
  Eustachio (D:6)
  Duvessa (D:6)
  The ghost of toni2068 the Covert, an amateur SpEn of Ru (D:7)
  4 ice beasts
  2 orc warriors
  2 sky beasts
  3 black bears
  A phantom (D:11)
  2 necrophages
  5 ogres
  3 crocodiles
  3 centaurs
  3 big kobolds
  A gnoll sergeant (D:3)
  4 bullfrogs
  A wyvern zombie (D:11)
  4 scorpions
  A water moccasin skeleton (D:7)
  Dowan (D:6)
  4 killer bees (D:11)
  3 electric eels (D:11)
  3 wights (D:10)
  2 howler monkeys
  A jelly (D:10)
  2 bullfrog zombies
  5 crimson imps
  2 quasits
  A centaur zombie (D:8)
  2 gnoll shamans
  7 hounds
  A bullfrog skeleton (D:10)
  7 orc priests
  7 orc wizards
  7 iguanas
  6 worker ants
  A killer bee zombie (D:10)
  4 hound skeletons
  A howler monkey zombie (D:8)
  A worker ant zombie (D:5)
  48 gnolls
  A howler monkey skeleton (D:4)
  6 adders
  3 shadow imps
  2 oozes (D:4)
  2 adder skeletons
  4 worms
  A dart slug (D:1)
  8 leopard geckos
  44 orcs
  A ball python (D:2)
  9 bats
  9 giant cockroaches
  11 goblins
  13 hobgoblins
  20 jackals
  22 kobolds
  4 quokkas
  8 frilled lizards
  A quokka skeleton (D:5)
  A quokka zombie (D:5)
  9 rats
368 creatures vanquished.

Vanquished Creatures (collateral kills)
  A scorpion (D:2)
  A gnoll (D:2)
2 creatures vanquished.

Grand Total: 370 creatures vanquished

Notes
Turn   | Place    | Note
-------+----------+-------------------------------------------
     0 | D:1      | Gunnerkreig the Demonspawn Wizard began the quest for the
                  | Orb.
     0 | D:1      | Reached XP level 1. HP: 13/13 MP: 4/4
   635 | D:1      | Gained mutation: Your flesh is cold resistant. (rC+)
                  | [demonic ancestry]
   635 | D:1      | Reached XP level 2. HP: 19/19 MP: 3/6
  1163 | D:1      | Reached skill level 2 in Conjurations
  1229 | D:1      | Gained mutation: You are partially covered in slimy green
                  | scales. (AC +2) [demonic ancestry]
  1229 | D:1      | Reached XP level 3. HP: 24/24 MP: 5/7
  1915 | D:2      | Noticed a scorpion
  2422 | D:2      | Reached XP level 4. HP: 30/30 MP: 6/9
  2762 | D:1      | Reached skill level 3 in Conjurations
  2903 | D:1      | Learned a level 3 spell: Conjure Flame
  2907 | D:1      | Learned a level 3 spell: Mephitic Cloud
  2910 | D:1      | Learned a level 2 spell: Call Imp
  2913 | D:1      | Learned a level 2 spell: Blink
  3276 | D:2      | Reached XP level 5. HP: 25/35 MP: 1/11
  3713 | D:3      | Noticed Sigmund
  3983 | D:3      | Killed Sigmund
  3983 | D:3      | Reached skill level 4 in Conjurations
  3983 | D:3      | Gained mutation: You are mostly covered in slimy green
                  | scales. (AC +3) [demonic ancestry]
  3983 | D:3      | Reached XP level 6. HP: 41/41 MP: 2/12
  4411 | D:3      | Reached skill level 5 in Conjurations
  5323 | D:3      | Gained mutation: You are immune to freezing clouds.
                  | [demonic ancestry]
  5323 | D:3      | Reached XP level 7. HP: 46/46 MP: 10/13
  5551 | D:3      | Reached skill level 1 in Translocations
  5649 | D:3      | Reached skill level 1 in Poison Magic
  5722 | D:3      | Reached skill level 1 in Air Magic
  6495 | D:4      | Found a shadowy altar of Dithmenos.
  6654 | D:4      | Found a large runed translucent door.
  6654 | D:4      | Found a large runed translucent door.
  6655 | D:4      | Noticed toni2068's ghost (amateur SpEn)
  6994 | D:4      | Reached skill level 6 in Conjurations
  7232 | D:4      | Gained mutation: You regenerate a little health from kills.
                  | [demonic ancestry]
  7232 | D:4      | Reached XP level 8. HP: 53/53 MP: 2/14
  7256 | D:4      | Reached skill level 1 in Fighting
  7405 | D:4      | Reached skill level 1 in Throwing
  7405 | D:4      | Reached skill level 1 in Armour
  8035 | D:5      | Entered Level 5 of the Dungeon
  8153 | D:5      | Found a white marble altar of Elyvilon.
  8764 | D:5      | Found a staircase to the Ecumenical Temple.
  8771 | Temple   | Entered the Ecumenical Temple
  8859 | Temple   | Became a worshipper of Vehumet
  9036 | D:5      | Found Tilielyu's General Store.
  9043 | D:5      | Bought a scroll of identify for 24 gold pieces
  9043 | D:5      | Bought a scroll of blinking for 90 gold pieces
  9677 | D:5      | Reached skill level 5 in Fighting
 10017 | D:6      | Noticed Dowan
 10020 | D:6      | Noticed Duvessa
 10254 | D:6      | Noticed Grinder
 10288 | D:6      | Paralysed by Grinder for 4 turns
 10479 | D:6      | Found Tystrya's Antique Weapon Emporium.
 10507 | D:6      | Reached * piety under Vehumet
 10507 | D:6      | Offered knowledge of Flame Tongue by Vehumet.
 10597 | D:5      | Learned a level 1 spell: Flame Tongue
 10672 | D:6      | Found Min Odghioku's Assorted Antiques.
 10756 | D:6      | Reached skill level 5 in Spellcasting
 10764 | D:6      | Gained mutation: You are completely covered in slimy green
                  | scales. (AC +4, rPois) [potion of mutation]
 10764 | D:6      | Gained mutation: You have very sharp teeth. [potion of
                  | mutation]
 11311 | D:6      | Noticed Eustachio
 11326 | D:6      | Killed Eustachio
 11326 | D:6      | Reached XP level 9. HP: 68/68 MP: 2/16
 11607 | D:6      | Killed Grinder
 12043 | D:6      | Found Ingynn's Jewellery Emporium.
 12139 | D:7      | Got a slimy broad axe
 12140 | D:7      | Identified the +9 broad axe of the Salmon {chop, rPois}
                  | (You found it on level 7 of the Dungeon)
 12255 | D:7      | Got a steaming leather armour
 12266 | D:7      | Identified the +1 leather armour of the Buccaneer {*Drain
                  | rElec rC- rN+++} (You found it on level 7 of the Dungeon)
 12408 | D:7      | Killed toni2068's ghost
 12408 | D:7      | Reached skill level 7 in Conjurations
 12438 | D:7      | HP: 1/68 [ogre/+0 giant spiked club (22)]
 12443 | D:7      | Reached skill level 5 in Dodging
 13070 | D:7      | Found Cheibriados's Comfort Zone.
 13072 | D:7      | Found a snail-covered altar of Cheibriados.
 13421 | D:7      | Offered knowledge of Freeze by Vehumet.
 13456 | D:7      | Reached skill level 8 in Conjurations
 13736 | D:6      | Killed Dowan
 13742 | D:6      | Killed Duvessa
 13742 | D:6      | Reached skill level 1 in Axes
 13967 | D:8      | Reached ** piety under Vehumet
 13987 | D:8      | You fall through a shaft for 3 floors!
 13987 | D:11     | Found a shattered altar of Ashenzari.
 13987 | D:11     | Noticed a six-headed hydra
 13987 | D:11     | Noticed a two-headed ogre
 14007 | D:11     | Noticed a troll
 14013 | D:11     | Mutation became permanent: You are mostly covered in slimy
                  | green scales. (AC +3) [demonic ancestry]
 14013 | D:11     | Gained mutation: You are completely covered in slimy green
                  | scales. (AC +4, rPois) [demonic ancestry]
 14013 | D:11     | Reached XP level 10. HP: 42/74 MP: 17/19
 14019 | D:11     | Killed a seven-headed hydra
 14075 | D:11     | Killed a two-headed ogre
 14211 | D:11     | Noticed a cyclops
 14223 | D:11     | HP: 2/74 [cyclops (16)]
 14224 | D:11     | Killed a cyclops
 14224 | D:11     | Reached skill level 5 in Armour
 14278 | D:11     | Reached skill level 5 in Axes
 14830 | D:11     | Noticed a cyclops
 14848 | D:11     | Killed a cyclops
 14881 | D:11     | Offered knowledge of Throw Flame by Vehumet.
 15079 | D:11     | Found Gemicor's Gadget Boutique.
 15090 | D:10     | Entered Level 10 of the Dungeon
 15123 | D:9      | Noticed a two-headed ogre
 15200 | D:10     | Reached *** piety under Vehumet
 15216 | D:10     | Gained mutation: You have sharp fingernails. [demonic
                  | ancestry]
 15216 | D:10     | Reached XP level 11. HP: 80/80 MP: 9/20
 15379 | D:10     | Killed an unseen horror
 15574 | D:10     | Got a heavily runed chain mail
 15575 | D:10     | Identified the +0 chain mail of Qeazien {+Blink rCorr
                  | Dex+4} (You found it on level 10 of the Dungeon)
 15590 | D:10     | Found a glowing golden altar of the Shining One.
 15641 | D:10     | Killed an unseen horror
 16228 | D:8      | Offered knowledge of Ignite Poison by Vehumet.
 16234 | D:8      | Noticed Psyche
 16252 | D:8      | Killed Psyche
 16252 | D:8      | Reached skill level 9 in Conjurations
 16719 | D:8      | Noticed a two-headed ogre
 16735 | D:8      | Killed a two-headed ogre
 17105 | D:8      | Noticed Erica
 17115 | D:8      | Killed Erica
 17568 | D:9      | Killed a two-headed ogre
 17892 | D:9      | Found a staircase to the Orcish Mines.
 18233 | D:9      | Found Heehoer's Weapon Shoppe.
 18241 | D:9      | Noticed a two-headed ogre
 18250 | D:9      | Killed a two-headed ogre
 18250 | D:9      | Reached skill level 10 in Conjurations
 18530 | D:10     | Found a staircase to the Lair.
 18638 | D:10     | Found Baliapn's Gadget Emporium.
 18686 | D:10     | Reached **** piety under Vehumet
 18912 | D:10     | Offered knowledge of Force Lance by Vehumet.
 19700 | D:11     | Slain by a gargoyle

Levels and vault maps discovered:
D:1:      enne_arrival_octagon_isle, layout_loops_ring
D:2:      layout_basic, first_ration
D:3:      lemuel_castle_with_subvaults [lemuel_castle_interior_carwin_1],
          layout_basic, uniq_sigmund
D:4:      cheibrodos_greedy_goblins, layout_basic,
          nicolae_dithmenos_the_darkroom, ebering_ghost_disaster_area
D:5:      layout_loops_cross, minmay_temple_entry_mist, serial_shops,
          shop_fountains, elyvilon_altar_4
D:6:      layout_rooms, serial_shops, shop_statue, shop, shop_statue,
          uniq_eustachio, uniq_grinder, uniq_duvessa
D:7:      layout_basic, the_bakery, minmay_shop_chei, serial_park_tiny_pond,
          minmay_checkerbox
D:8:      layout_loops_cross, uniq_erica, uniq_psyche
D:9:      layout_loops_cross, orc_0_dummy, serial_shops, shop_coins
D:10:     layout_rooms, lair_entry_dummy, serial_shops, shop, dk_noncrumbling_3,
          nicolae_tso_carved_into_rock
D:11:     layout_basic, serial_shops, shop_fountains, minmay_misc_feat_rows,
          ashenzari_altar_1
Temple:   compressed_dpeg_circular_temple

Skill      XL: |  1  2  3  4  5  6  7  8  9 10 11 |
---------------+----------------------------------+-----
Dodging        | 2 3 5 |  5.0
Stealth        | 2 |  2.0
Conjurations   | 2 3 4 5 6 8 10 | 10.1
Spellcasting   | 4 5 6 7 |  7.1
Fire Magic     | 2 3 4 |  4.0
Translocations | 1 3 |  3.0
Poison Magic   | 2 |  2.0
Air Magic      | 2 |  2.0
Fighting       | 5 7 |  7.8
Throwing       | 1 |  1.0
Armour         | 1 2 6 |  6.0
Axes           | 2 6 |  6.0
Summonings     | 2 |  2.8

Action                   |  1- 3 |  4- 6 |  7- 9 | 10-12 || total
-------------------------+-------+-------+-------+-------++-------
Melee: Dagger            |    53 |       |       |       ||    53
       Whip              |    25 |    15 |       |       ||    40
       Spear             |       |     6 |       |       ||     6
       Falchion          |       |    45 |   248 |       ||   293
       Trident           |       |       |     5 |       ||     5
       Broad axe         |       |       |    52 |   189 ||   241
       Bite              |       |       |     7 |    15 ||    22
Throw: Stone             |       |       |    10 |    13 ||    23
       Throwing net      |       |       |       |     3 ||     3
 Cast: Magic Dart        |   118 |   125 |   410 |   297 ||   950
       Call Imp          |       |     6 |     2 |     8 ||    16
       Conjure Flame     |       |     2 |    29 |    29 ||    60
       Mephitic Cloud    |       |     2 |    14 |    19 ||    35
       Blink             |       |       |     2 |     3 ||     5
       Flame Tongue      |       |       |     3 |     6 ||     9
Evoke: Wand              |       |       |     4 |       ||     4
  Use: Scroll            |     2 |     1 |    14 |     8 ||    25
       Potion            |       |       |     7 |     2 ||     9
 Stab: Confused          |       |       |     4 |     1 ||     5
  Eat: Chunk             |     5 |     6 |    22 |    11 ||    44
       Ration            |       |     1 |     2 |     2 ||     5
Armor: Robe              |    31 |    29 |   101 |       ||   161
       Skin              |       |       |    35 |       ||    35
       Leather armour    |       |       |    34 |   103 ||   137
Dodge: Dodged            |    76 |    83 |   246 |   154 ||   559
Block: Other             |       |       |     3 |    27 ||    30
       Reflection        |       |       |       |     1 ||     1
       Rpst.: Falchion   |       |    15 |    58 |       ||    73

Table legend:
 A = Non-vault XP
 B = Vault XP
 C = Vault XP percentage of total XP
 D = Non-vault monster count
 E = Vault monster count
 F = Vault count percentage of total count
                 A         B        C        D         E       F
            +---------+---------+-------+---------+---------+-------
      Total |   17948 |    3517 |  16.4 |     294 |      76 |  20.5
            +---------+---------+-------+---------+---------+-------
        D:1 |     126 |       0 |   0.0 |      41 |       0 |   0.0
        D:2 |     113 |      14 |  11.0 |      23 |       1 |   4.2
        D:3 |      30 |     896 |  96.8 |      11 |      54 |  83.1
        D:4 |     467 |      17 |   3.5 |      26 |       9 |  25.7
        D:5 |     868 |       2 |   0.2 |      35 |       1 |   2.8
        D:6 |     509 |     685 |  57.4 |      31 |       4 |  11.4
        D:7 |     832 |     554 |  40.0 |      10 |       5 |  33.3
        D:8 |    2239 |    1349 |  37.6 |      22 |       2 |   8.3
        D:9 |    3771 |       0 |   0.0 |      20 |       0 |   0.0
       D:10 |    3614 |       0 |   0.0 |      33 |       0 |   0.0
       D:11 |    5379 |       0 |   0.0 |      42 |       0 |   0.0
            +---------+---------+-------+---------+---------+-------
